 Dungeon Crawl Stone Soup version 0.31-a0-846-gb3bcc0d938 (webtiles) character file.

Game seed: 12170252410032294240

2483 croobank the Covert (level 9, -3/52 (54) HPs)
             Began as an Octopode Delver on Oct 3, 2023.
             Was a Priest of Hepliaklqana.
             Slain by a wight
             ... wielding a +3 scimitar of freezing
              (4 damage)
             ... on level 7 of the Dungeon.
             The game lasted 00:19:16 (5491 turns).

croobank the Covert (Octopode Delver)               Turns: 5491, Time: 00:19:16

HP:   -3/52 (54)    AC:  1    Str: 11    XL:     9   Next: 52%
MP:   14/14         EV: 24    Int: 16    God:    Hepliaklqana [***...]
Gold: 305           SH:  0    Dex: 14    Spells: 10/15 levels left

rFire   . . .        l - +3 dagger (flame)
rCold   . . .        (no shield)
rNeg    . . .        (helmet restricted)
rPois   +            (no amulet)
rElec   .            g - +5 ring of evasion
rCorr   .            t - ring of poison resistance
SInv    .            z - +5 ring of evasion
Will    .....        (no ring)
Stlth   +++++        (no ring)
HPRegen 0.28/turn    (no ring)
MPRegen 0.14/turn    (no ring)
                     (no ring)

%: no passive effects
@: lightly drained
A: reduced essence, almost no armour, amphibious, 8 rings, camouflage 1,
gelatinous body 1, (nimble swimmer 1), tentacles
a: Renounce Religion, Recall Ancestor, Ancestor Identity, Transference


You were on level 7 of the Dungeon.
You worshipped Hepliaklqana.
Hepliaklqana was most pleased with you.
You visited 2 branches of the dungeon, and saw 8 of its levels.

You collected 331 gold pieces.
You spent 26 gold pieces at shops.

Inventory:

Hand Weapons
 a - a +0 short sword
 h - a +1 dagger of pain
 j - a +2 dagger of venom
 l - a +3 dagger of flaming (weapon)
 y - a +0 long sword
 B - a +0 scimitar
 C - a +2 mace of holy wrath
Missiles
 k - 3 poisoned darts
Jewellery
 g - a +5 ring of evasion (left tentacle)
 t - a ring of poison resistance (right tentacle)
 z - a +5 ring of evasion (on tentacle)
Wands
 f - a wand of digging (3)
 p - a wand of light (9)
 x - a wand of flame (12)
Scrolls
 b - a scroll of fog
 c - 3 scrolls of revelation
 d - 2 scrolls of fear
 i - a scroll of immolation
 m - a scroll of teleportation
 o - a scroll of summoning {unknown}
 s - a scroll of vulnerability {unknown}
 v - 5 scrolls of noise
 w - 3 scrolls of poison {unknown}
Potions
 e - a potion of haste
 n - 3 potions of mutation
 q - a potion of attraction
 r - 2 potions of enlightenment
 u - 3 potions of curing
 A - 3 potions of heal wounds {unknown}


   Skills:
 + Level 5.1 Fighting
 + Level 4.5 Short Blades
 + Level 4.3 Dodging
 + Level 8.8 Stealth
 * Level 3.8 Spellcasting
 + Level 4.2 Conjurations
 * Level 0.9 Translocations
 + Level 4.0 Air Magic
 + Level 5.1 Poison Magic
 + Level 3.0 Invocations


You had 10 spell levels left.
You knew the following spells:

 Your Spells              Type           Power      Damage    Failure   Level
a - Mephitic Cloud        Conj/Pois/Air  17%        N/A       9%          3
b - Blink                 Tloc           12%        N/A       19%         2

Your spell library contained the following spells:

 Spells                   Type           Power      Damage    Failure   Level
 Magic Dart               Conj           64%        1d6       3%          1
 Dazzling Flash           Conj/Hex       18%        N/A       22%         3
 Hailstorm                Conj/Ice       9%         3d4       22%         3
 Call Imp                 Summ           6%         N/A       26%         2
 Wereblood                Tmut           3%         N/A       26%         2
 Ozocubu's Armour         Ice            3%         N/A       45%         3
 Manifold Assault         Tloc           6%         N/A       75%         4
 Summon Ice Beast         Ice/Summ       3%         N/A       86%         4
 Irradiate                Conj/Tmut      4%         3d13      89%         5
 Silence                  Hex/Air        4%         N/A       90%         5
 Agony                    Necr           3%         N/A       99%         5
 Metabolic Englaciation   Hex/Ice        1%         N/A       99%         5
 Simulacrum               Ice/Necr       1%         N/A       100%        6


Dungeon Overview and Level Annotations

Branches:
Dungeon (7/15)             Temple (1/1) D:4

Altars:
Ashenzari
Cheibriados
Dithmenos
Elyvilon
Fedhas
Gozag
Hepliaklqana
Kikubaaqudgha
Makhleb
Nemelex Xobeh
Okawaru
Qazlal
Ru
Sif Muna
Trog
Uskayaw
Vehumet
Wu Jian
Xom
Yredelemnul
Zin
The Shining One

Shops:
D:4 *   D:5 (   D:6 *


Innate Abilities, Weirdness & Mutations

Your life essence is reduced to manifest your ancestor. (-10% HP)
You cannot wear most types of armour.
You are amphibious.
You can wear up to eight rings at the same time.
Your skin changes colour to match your surroundings (Stealth+).
Your rubbery body absorbs attacks. (AC +1, EV +1)
((You are camouflaged when in or above water. (Stealth+)))
You have tentacles for arms and can constrict up to eight enemies at once.


Message History

The orc warrior hits you from afar with a +0 trident!
The water moccasin completely misses you.
The wight misses you. The orc warrior barely misses you.
The water moccasin attacks as it pursues you!
The water moccasin barely misses you.
Septima hits the water moccasin with a +0 quarterstaff!
The wight barely misses you. The orc warrior closely misses you.
Things that are here:
a +0 dagger; a +0 leather armour The water moccasin attacks as it pursues you!
The water moccasin misses you.
Septima hits the water moccasin with a +0 quarterstaff!
You barely miss the water moccasin. Your grab misses the water moccasin.
You squeeze the water moccasin.
The water moccasin is almost dead.
The water moccasin misses you.
Septima misses the water moccasin.
The wight hits Septima with a +4 spear of freezing!
You hit the water moccasin. You burn the water moccasin.
You grab the water moccasin. You squeeze the water moccasin.
You kill the water moccasin!
Something hits Septima!
Something barely misses Septima.
Septima hits the wight with a +0 quarterstaff!
The wight hits you from afar with a +4 spear of freezing!
* * * LOW HITPOINT WARNING * * *
The wight freezes you.
* * * LOW HITPOINT WARNING * * *
The wight barely misses you. The orc warrior misses you.
Things that are here:
a +0 dagger; a +0 leather armour You barely miss the wight.
You grab the wight.
You constrict the wight, but do no damage.
Septima points at the wight and mumbles some strange words.
The puff of frost hits the wight.
The wight resists.
The wight is destroyed!
The wight hits you with a +3 scimitar of freezing!
* * * LOW HITPOINT WARNING * * *
You feel drained.
* * * LOW HITPOINT WARNING * * *
The wight freezes you.
You die...

########## #......... ##
#.......<. . #..
#......... .. #..
#......... ...##.#####
#......... ......)...##
#.........
......)R@..#####.........
..###oz#.......^.....<..
#..##.####.#######.#
#...#.# #...#####.#
#.#.#.## ###.......# #.
.#..# ######... #. .##.#
###. #. .##.## ## #.
.##..# #


You could see the friendly Septima the battlemage, an orc warrior and a wight.

Vanquished Creatures
  Pikel (D:4)
  A water moccasin (D:7)
  A black bear (D:5)
  2 ice beasts
  2 ogres
  2 phantoms
  Blork the orc (D:6)
  A bullfrog (D:7)
  A scorpion (D:6)
  A howler monkey (D:5)
  A hound (D:5)
  An orc priest (D:7)
  A jelly (D:4)
  Natasha (twice) (D:2)
  4 orc wizards
  A sleepcap (D:6)
  3 iguanas
  Robin (D:3)
  10 adders
  2 gnolls (D:6)
  A white imp (D:7)
  An ufetubus (D:5)
  A worm (D:3)
  2 dart slugs
  11 orcs
  8 bats
  8 endoplasms
  3 giant cockroaches
  20 goblins
  6 hobgoblins
  2 quokkas
  6 ball pythons
  4 frilled lizards
  2 kobolds (D:4)
  3 rats
117 creatures vanquished.

Vanquished Creatures (collateral kills)
  A sky beast (D:6)
  2 ogres (D:5)
  2 wights (D:7)
  A hound (D:6)
  Natasha (D:2)
  3 orc wizards
  2 gnolls (D:6)
  2 adders
  8 orcs
  2 endoplasms (D:2)
  8 goblins
  A quokka (D:2)
33 creatures vanquished.

Grand Total: 150 creatures vanquished

Notes
Turn   | Place    | Note
-------+----------+-------------------------------------------
     0 | D:5      | croobank the Octopode Delver began the quest for the Orb.
     0 | D:5      | Reached XP level 1. HP: 16/16 MP: 1/1
     7 | D:6      | Reached XP level 2. HP: 17/21 MP: 2/2
    31 | D:6      | Noticed an ice beast
    39 | D:6      | Killed an ice beast
    40 | D:6      | Reached skill level 7 in Stealth
    40 | D:6      | Reached XP level 3. HP: 7/27 MP: 3/3
    40 | D:6      | Reached XP level 4. HP: 9/33 MP: 4/4
   251 | D:5      | Reached XP level 5. HP: 37/37 MP: 5/5
   253 | D:5      | Noticed an ogre
   515 | D:4      | Found a staircase to the Ecumenical Temple.
   524 | Temple   | Entered the Ecumenical Temple
   603 | Temple   | Became a worshipper of Hepliaklqana the Forgotten
   663 | D:4      | Learned a level 3 spell: Mephitic Cloud
   678 | D:4      | Noticed a phantom
   702 | D:4      | Killed a phantom
   703 | D:4      | Reached XP level 6. HP: 22/43 MP: 6/6
   861 | D:4      | Reached skill level 1 in Poison Magic
   892 | D:3      | Noticed Robin
   920 | D:3      | Killed Robin
   983 | D:3      | Reached skill level 1 in Conjurations
  1013 | D:3      | Reached skill level 1 in Air Magic
  1170 | D:3      | Reached skill level 1 in Spellcasting
  1470 | D:3      | Reached * piety under Hepliaklqana
  2045 | D:2      | Found a faded altar of an unknown god.
  2362 | D:2      | Noticed Natasha
  2366 | D:2      | Killed Natasha
  2367 | D:2      | Reached skill level 1 in Invocations
  2367 | D:2      | Reached XP level 7. HP: 43/43 MP: 8/8
  2604 | D:2      | Reached ** piety under Hepliaklqana
  2620 | D:2      | Remembered your ancestor Septima as a battlemage
  2664 | D:2      | Noticed Natasha
  2667 | D:2      | Killed Natasha
  2820 | D:2      | Noticed Natasha
  2833 | D:2      | Killed Natasha
  3066 | D:4      | Found Gozag's Platinum Reserve.
  3070 | D:4      | Found an opulent altar of Gozag.
  3139 | D:4      | Reached skill level 8 in Stealth
  3433 | D:4      | Noticed Pikel
  3442 | D:4      | Killed Pikel
  3443 | D:4      | Reached XP level 8. HP: 33/48 MP: 9/11
  4019 | D:5      | Found Tiacysmo's Weapon Emporium.
  4285 | D:6      | Noticed Blork the orc
  4293 | D:6      | Killed Blork the orc
  4341 | D:6      | Reached XP level 9. HP: 54/54 MP: 13/13
  4805 | D:6      | Found Orakhlam's Assorted Antiques.
  4813 | D:6      | Bought a scroll labelled OHUTHO ZUMIUK for 26 gold pieces
  4991 | D:6      | Reached *** piety under Hepliaklqana
  4996 | D:6      | Reached skill level 5 in Fighting
  5262 | D:7      | Reached skill level 5 in Poison Magic
  5403 | D:7      | Learned a level 2 spell: Blink
  5491 | D:7      | HP: 1/52 [wight/+3 scimitar of freezing (2)]
  5491 | D:7      | Slain by a wight

Illustrated notes

Levels and vault maps discovered:
D:1:      dpeg_arrival_arbitrary_c, layout_basic, hex_medium
D:2:      layout_basic, ebering_ecumenical_altar_webs, serial_corexii_hall,
          corexii_hall_statues_i, corexii_hall_statues_u, uniq_natasha
D:3:      layout_basic, minmay_goblin_outpost, uniq_grinder, uniq_robin
D:4:      layout_basic, nicolae_gozag_zags_fifth_avenue, temple_statues,
          uniq_pikel
D:5:      layout_rooms, serial_shops, nicolae_shop_just_a_little_nook,
          minmay_ogre_servants
D:6:      layout_loops_corners, serial_shops, nicolae_shop_tiny_statue_garden,
          uniq_blork_the_orc
D:7:      layout_rooms
Temple:   mainiacjoe_temple_trianglar_array

Skill      XL: |  1  2  3  4  5  6  7  8  9 |
---------------+----------------------------+-----
Stealth        | 7 8 |  8.8
Short Blades   | 3 4 |  4.5
Dodging        | 3 4 |  4.3
Fighting       | 4 5 |  5.1
Poison Magic   | 1 3 4 5 |  5.1
Conjurations   | 1 2 3 4 |  4.2
Air Magic      | 1 2 3 4 |  4.0
Spellcasting   | 1 2 3 |  3.8
Invocations    | 1 2 3 |  3.0
Translocations | |  0.9

Action                     |  1- 3 |  4- 6 |  7- 9 || total
---------------------------+-------+-------+-------++-------
  Melee: Short sword       |     8 |    39 |       ||    47
         Tentacles         |     3 |    21 |    32 ||    56
         Constrict         |     1 |    19 |    25 ||    45
         Dagger            |       |   101 |   117 ||   218
         Punch             |       |     2 |     4 ||     6
 Invoke: Ancestor Life: Ba |       |       |     1 ||     1
  Evoke: Wand              |       |       |     1 ||     1
    Use: Scroll            |       |     2 |     8 ||    10
   Stab: Sleeping          |     1 |    25 |    10 ||    36
 Armour: Skin              |     3 |    51 |    36 ||    90
  Dodge: Dodged            |     3 |    68 |   102 ||   173

Table legend: (Time is in decaauts)
 A = Elapsed time spent in this place.
 B = Non-inter-level travel time spent in this place.
 C = Inter-level travel time spent in this place.
 D = Time resting spent in this place.
 E = Time spent auto-exploring this place.
 F = Levels seen in this place.
 G = Mean time per level.
                   A        B        C        D        E       F      G
               +--------+--------+--------+--------+--------+-----+--------+
         Total |   5441 |   5239 |    202 |    792 |   3333 |   8 |  680.1 |
       Dungeon |   5340 |   5158 |    182 |    792 |   3333 |   7 |  762.9 |
        Temple |    100 |     80 |     20 |      0 |      0 |   1 |  100.0 |
               +--------+--------+--------+--------+--------+-----+--------+

Top non-repeatable levels by time:
     D:6: 1153 daAuts
     D:4: 1088 daAuts
     D:2: 902 daAuts
     D:5: 742 daAuts
     D:3: 711 daAuts
     D:1: 479 daAuts
     D:7: 263 daAuts
  Temple: 100 daAuts
